 Dungeon Crawl Stone Soup version 0.29.1-2-gbd0b4ee654 (webtiles) character file.

Game seed: 11903528140669137798

122400 TheDoctor the Warrior (level 17, -7/147 HPs)
             Began as a Formicid Fighter on Nov 5, 2022.
             Was the Champion of Okawaru.
             Mangled by a spark wasp (22 damage)
             ... on level 2 of the Lair of Beasts.
             The game lasted 01:20:00 (27189 turns).

TheDoctor the Warrior (Formicid Fighter)           Turns: 27189, Time: 01:20:01

Health: -7/147     AC:  0    Str: 27    XL:     17   Next: 42%
Magic:  24/25      EV: 16    Int:  8    God:    Okawaru [******]
Gold:   2350       SH:  0    Dex: 15    Spells: 11/16 levels left

rFire   + . .      SeeInvis .     - Unarmed
rCold   + . .      Faith    .   (shield currently unavailable)
rNeg    . . .      Spirit   .   (body armour currently unavailable)
rPois   +          Reflect  .   (helmet unavailable)
rElec   +          Harm     .   (cloak currently unavailable)
rCorr   +          Rampage  .   (gloves currently unavailable)
Will    +....                   (boots currently unavailable)
Stlth   +++.......              M - amulet of regeneration
HPRegen 1.14/turn               (ring currently unavailable)
MPRegen 0.19/turn               (ring currently unavailable)

@: pig-form, resistant, heroic, spiked, very quick
A: fast, no casting, permanent stasis, dig shafts and tunnels, small, (antennae
3), four strong arms
a: Renounce Religion, Heroism, Finesse, Duel


You were on level 2 of the Lair of Beasts.
You worshipped Okawaru.
Okawaru was exalted by your worship.
You were a filthy swine.
You visited 5 branches of the dungeon, and saw 24 of its levels.
You also visited: Ice Cave.

You collected 3049 gold pieces.
You spent 699 gold pieces at shops.

Inventory:

Hand Weapons
 A - the +7 great mace "Undeadhunter" {disrupt, rN+}
   (You found it on level 12 of the Dungeon)

   It inflicts significantly more damage against the undead.
   rN:        It protects you from negative energy.
 U - a +1 scimitar of flaming
 V - the +5 sword of Power {vorpal}
   (Okawaru gifted it to you on level 10 of the Dungeon)

   It inflicts extra damage upon your enemies.
   It occasionally discharges a powerful but inaccurate bolt of energy upon
   striking a foe, with increased chance the greater the wielder's current
   health.
 W - the +10 battleaxe of the Six Hosts (melded) {holy, Int+6}
   (Okawaru gifted it to you on level 11 of the Dungeon)

   It has been blessed by the Shining One to cause great damage to the undead
   and demons.
   Int:       It affects your intelligence (+6).
Missiles
 b - 7 curare-tipped darts
 c - 7 datura-tipped darts
 t - 20 boomerangs (quivered)
 z - 51 poisoned darts
 N - a throwing net
 O - 6 javelins
Armour
 k - a +0 pair of gloves (melded)
 q - the +1 pair of boots "Uddiggar" (melded) {rC++ Stlth-}
   (You bought it in a shop on level 2 of the Orcish Mines)

   rC:        It greatly protects you from cold.
   Stlth:     It makes you less stealthy.
 u - a +2 chain mail of fire resistance (melded)
 v - a +2 cloak of preservation (melded)
 E - a +0 kite shield (melded)
Jewellery
 h - a +6 ring of dexterity
 m - the ring "Lit Piho" (melded) {rPois rN+ Str+4 Dex+4}
   (You found it in an ice cave)

   [ring of positive energy]

   Str:       It affects your strength (+4).
   Dex:       It affects your dexterity (+4).
   rPois:     It protects you from poison.
   rN:        It protects you from negative energy.
 G - a ring of resist corrosion (melded)
 M - an amulet of regeneration (around neck)
 R - a +6 ring of intelligence
 X - a ring of protection from fire
 Z - a ring of protection from fire
Wands
 i - a wand of mindburst (11)
 p - a wand of flame (26)
 D - a wand of roots (14)
 L - a wand of quicksilver (7)
Scrolls
 j - 5 scrolls of immolation
 l - 3 scrolls of magic mapping
 r - a scroll of enchant weapon {unknown}
 x - a scroll of enchant armour {unknown}
 C - 3 scrolls of vulnerability
 H - a scroll of torment {unknown}
 I - a scroll of acquirement {unknown}
 S - 3 scrolls of poison
 Y - 2 scrolls of blinking {unknown}
Potions
 a - 4 potions of attraction
 d - 5 potions of might
 e - 7 potions of curing
 g - a potion of cancellation {unknown}
 w - a potion of resistance
 B - a potion of magic
 F - a potion of ambrosia
 K - a potion of experience
 P - 6 potions of lignification


   Skills:
 - Level 17.1(22.1) Fighting
 - Level 10.5(15.5) Long Blades
 - Level 10.0(15.0) Axes
 - Level 11.5(16.5) Throwing
 + Level 12.4(17.4) Armour
 - Level 11.1(16.1) Shields
 + Level 4.6 Translocations
 - Level 11.4 Invocations
 - Level 8.0 Evocations


You had 11 spell levels left.
You knew the following spells:

 Your Spells              Type           Power      Damage    Failure   Level
a - Manifold Assault      Tloc           7%         N/A       87%         5

Your spell library contained the following spells:

 Spells                   Type           Power      Damage    Failure   Level
 Lesser Beckoning         Tloc           7%         N/A       19%         3
 Ensorcelled Hibernation  Hex/Ice        0%         N/A       54%         2
 Passwall                 Tmut/Erth      0%         N/A       54%         2
 Passage of Golubria      Tloc           7%         N/A       54%         4
 Dazzling Flash           Conj/Hex       0%         N/A       78%         3
 Iskenderun's Mystic Bla  Conj/Tloc      3%         2d3       86%         4
 Yara's Violent Unravell  Hex/Tmut       0%         3d3       100%        5
 Eringya's Noxious Bog    Tmut/Pois      0%         N/A       100%        6
 Starburst                Conj/Fire      0%         6d3       100%        6
 Blink                    Tloc           Unusable   N/A       N/A         2
 Swiftness                Air            Unusable   N/A       N/A         3
 Tukima's Dance           Hex            Unusable   N/A       N/A         3
 Summon Forest            Summ/Tloc      Unusable   N/A       N/A         5
 Summon Hydra             Summ           Unusable   N/A       N/A         7

Dungeon Overview and Level Annotations

Branches:
Dungeon (15/15)            Temple (1/1) D:6            Lair (5/5) D:8
  Swamp (0/4) Lair:3       Spider (1/4) Lair:2        Slime (0/5) Lair:4
    Orc (2/2) D:9             Elf (0/3) Orc:2        Vaults (0/5) D:14
 Depths (0/4) D:15          IceCv (visited)

Altars:
Ashenzari
Cheibriados
Dithmenos
Elyvilon
Fedhas
Hepliaklqana
Kikubaaqudgha
Makhleb
Nemelex Xobeh
Okawaru
Qazlal
Ru
Sif Muna
Trog
Uskayaw
Vehumet
Wu Jian
Xom
Yredelemnul
Zin
The Shining One
Jiyva

Shops:
D:4 *   D:15 (   Orc:1 :   Orc:2 !=*[

Portals:
Pandemonium: Orc:2

Annotations:
Lair:2 Kirke


Innate Abilities, Weirdness & Mutations

You are a filthy swine.
You move quickly.
Your equipment is almost entirely melded.
You are incapable of wielding weapons or throwing items.
You cannot cast spells.
You cannot be hasted, slowed, berserked, paralysed or teleported.
You can dig through walls and to a lower floor.
((You have a pair of large antennae on your head. (SInv)))
Your four strong arms can wield two-handed weapons with a shield.


Message History

Unknown command.
Okay, then.
Unknown command.
Unknown command.
Okay, then.
Unknown command.
Okay, then.
Unknown command.
Unknown command.
Unknown command.
You can't do that in your present form.
Unknown command.
Unknown command.
Unknown command.
Unknown command.
Unknown command.
You feel better. Kirke closely misses you. The spark wasp stings you!
* * * LOW HITPOINT WARNING * * *
The spark wasp shocks you. You resist.
* * * LOW HITPOINT WARNING * * *
You feel better. The spark wasp completely misses you.
Kirke mumbles some strange words.
Kirke summons a manticore!
The spark wasp closely misses you.
You feel better. Kirke casts a spell at you.
You feel a momentary urge to oink. The spark wasp stings you!
* * * LOW HITPOINT WARNING * * *
The spark wasp shocks you. You resist.
* * * LOW HITPOINT WARNING * * *
The manticore flicks its tail.
The volley of spikes hits you!
The barbed spikes become lodged in your body.
* * * LOW HITPOINT WARNING * * *
Unknown command.
Unknown command.
Unknown command.
You feel better. The spark wasp completely misses you.
Kirke mumbles some strange words.
Kirke summons a lindwurm!
The spark wasp stings you!!
You die...

.................................
.................................
.................................
.......#..#.#....................
............#..................##
....#..........k.####..#P......##
............#....[# ######<....[#
................@####.#.##.....#.
....#.......#...h###...##.......#
..............H.y.##............+
....+.............##.....#.....##
.....#+##..#P....##.######.....P#
.................########........
.................#####..##.......
..................>..............
.................................
.....###P######..................


You could see Kirke, a spark wasp, a manticore (summoned) and a lindwurm
(summoned).

Vanquished Creatures
  Rupert (Orc:2)
  A storm dragon (D:14)
  A frost giant (D:15)
  Snorg (Lair:5)
  2 fire dragons (Lair:5)
  Josephine (Orc:2)
  The ghost of BuzzyBeetle the Basher, a journeyman GrFi (Orc:1)
  10 hydras
  5 boulder beetles
  An ogre mage (D:12)
  Erica (Lair:2)
  A demonspawn (Orc:2)
  11 two-headed ogres
  8 centaur warriors
  A catoblepas (Lair:2)
  A death knight (D:12)
  10 death yaks
  5 tengu warriors
  7 orc high priests (Orc:2)
  A sun demon (Orc:2)
  Nergalle (D:11)
  Sonja (Orc:2)
  5 skeletal warriors
  A swamp dragon (Lair:5)
  A lindwurm (Lair:5)
  A deep elf zephyrmancer (D:14)
  2 deep elf pyromancers
  Pikel (D:7)
  2 necromancers
  3 oklob plants
  3 manticores
  6 orc sorcerers (Orc:2)
  5 orc knights
  6 cyclopes
  2 ugly things
  13 elephants
  An ice statue (IceCv)
  Maurice (D:8)
  5 black mambas
  2 gargoyles (D:12)
  An orange demon (Orc:2)
  4 rime drakes
  5 torpor snails (Lair:5)
  15 cane toads
  2 unseen horrors
  15 komodo dragons
  An efreet (D:12)
  5 freezing wraiths (IceCv)
  3 anaconda simulacra (IceCv)
  12 ice devils
  3 tengu conjurers
  4 tyrant leeches (Lair:5)
  2 polar bears
  2 red devils (Orc:2)
  11 trolls
  3 meliai (D:14)
  8 hornets (Lair:5)
  6 dream sheep (Lair:4)
  13 slime creatures
  19 blink frogs
  A jumping spider (shapeshifter) (D:14)
  A shadow (D:12)
  A culicivora (Lair:2)
  4 basilisks
  33 yaks
  6 wraiths
  Grum (Lair:1)
  A redback (Lair:2)
  3 death yak simulacra (IceCv)
  6 hogs
  5 steam dragons
  2 wargs (Orc:2)
  Menkaure (D:5)
  Edmund (D:5)
  16 vampire mosquitoes
  2 harpy simulacra (IceCv)
  5 acid dragons
  2 hydra simulacra (IceCv)
  16 water moccasins
  A sky beast (D:6)
  23 orc warriors
  5 black bears
  An ice beast (D:6)
  9 ogres
  12 wolves
  4 boggarts (Lair:4)
  14 centaurs
  4 phantoms
  6 kobold brigands
  5 bullfrogs
  A necrophage (D:8)
  A gnoll sergeant (D:5)
  5 cane toad simulacra (IceCv)
  6 scorpions
  10 wights
  A troll zombie (D:9)
  11 killer bees (D:9)
  4 elephant simulacra (IceCv)
  A howler monkey (D:7)
  2 electric eels
  A centaur zombie (D:3)
  2 jellies (D:5)
  Crazy Yiuf (D:3)
  23 orc priests
  A gnoll bouda (D:9)
  6 hounds
  Ijyb (D:5)
  A scorpion zombie (D:3)
  10 iguanas
  A spriggan simulacrum (IceCv)
  16 orc wizards
  2 troll simulacra (IceCv)
  7 wolf simulacra
  8 polar bear simulacra
  A yak simulacrum (Lair:2)
  5 ogre zombies (D:9)
  17 gnolls
  5 adders
  A naga simulacrum (IceCv)
  A shadow imp (D:5)
  6 white imps
  5 ufetubi
  An adder skeleton (D:3)
  3 worms
  3 dart slugs
  58 orcs
  3 ball pythons (D:1)
  7 endoplasms
  4 giant cockroaches
  5 goblins
  4 hobgoblins
  6 jackals (D:3)
  2 quokkas
  5 bats
  A frilled lizard (D:3)
  A giant cockroach zombie (D:3)
  2 goblin skeletons (D:9)
  3 goblin zombies (D:9)
  A hobgoblin skeleton (D:9)
  A hobgoblin zombie (D:9)
  30 kobolds
  3 orc skeletons (D:9)
  9 orc zombies (D:9)
  4 rats
  3 river rat simulacra (Lair:2)
779 creatures vanquished.

Vanquished Creatures (others)
  A bush (D:15)
  25 fungi
  53 plants
79 creatures vanquished.

Grand Total: 858 creatures vanquished

Notes
Turn   | Place    | Note
-------+----------+-------------------------------------------
     0 | D:1      | TheDoctor the Formicid Fighter began the quest for the Orb.
     0 | D:1      | Reached XP level 1. HP: 18/18 MP: 1/1
   312 | D:1      | Reached XP level 2. HP: 16/24 MP: 2/2
   921 | D:1      | Reached XP level 3. HP: 30/30 MP: 3/3
  1496 | D:2      | Reached skill level 4 in Fighting
  2008 | D:3      | Reached XP level 4. HP: 37/37 MP: 4/4
  2081 | D:3      | Identified the +2 ring mail "Varuzit" {rPois Will- Int+4
                  | Stlth+}
  2137 | D:3      | Reached XP level 5. HP: 43/43 MP: 5/5
  2182 | D:3      | Reached skill level 5 in Fighting
  2425 | D:3      | Reached XP level 6. HP: 48/51 MP: 6/6
  2561 | D:3      | Found a runed translucent door.
  2562 | D:3      | Noticed Crazy Yiuf
  2743 | D:3      | Killed Crazy Yiuf
  2745 | D:3      | HP: 2/51 [poisoned by Crazy Yiuf]
  3070 | D:4      | Found Jusiuty's General Store.
  3144 | D:4      | You fall into a shaft and drop 2 floors!
  3154 | D:6      | Noticed an ice beast
  3158 | D:6      | Killed an ice beast
  3159 | D:6      | Reached skill level 6 in Fighting
  3245 | D:6      | Reached XP level 7. HP: 52/59 MP: 7/7
  3437 | D:6      | Found a staircase to the Ecumenical Temple.
  3508 | Temple   | Entered the Ecumenical Temple
  3662 | Temple   | Became a worshipper of Warmaster Okawaru
  3711 | D:5      | Entered Level 5 of the Dungeon
  3731 | D:5      | Noticed Edmund
  3767 | D:4      | Reached skill level 5 in Armour
  4036 | D:4      | Bought a potion of heal wounds for 50 gold pieces
  4085 | D:5      | Reached skill level 7 in Fighting
  4358 | D:5      | Noticed Menkaure
  4424 | D:5      | Reached XP level 8. HP: 67/67 MP: 8/8
  4625 | D:5      | Killed Menkaure
  4626 | D:5      | Reached skill level 5 in Shields
  4798 | D:5      | Reached skill level 8 in Fighting
  4994 | D:5      | Reached * piety under Okawaru
  5146 | D:5      | Noticed Ijyb
  5159 | D:5      | Killed Ijyb
  5358 | D:5      | Reached XP level 9. HP: 68/75 MP: 7/9
  5380 | D:5      | Killed Edmund
  5381 | D:5      | Reached skill level 9 in Fighting
  5748 | D:6      | Reached ** piety under Okawaru
  5827 | D:6      | Found a blossoming altar of Fedhas.
  6770 | D:6      | Reached skill level 10 in Fighting
  6770 | D:6      | Reached skill level 1 in Long Blades
  7427 | D:7      | Reached XP level 10. HP: 81/86 MP: 8/10
  7492 | D:7      | Reached skill level 1 in Invocations
  7645 | D:7      | Noticed Pikel
  7698 | D:7      | Killed Pikel
  7699 | D:7      | Reached skill level 5 in Long Blades
  7773 | D:7      | Found a hide-covered altar of Uskayaw.
  7926 | D:7      | Found an ornate altar of the Wu Jian Council.
  8025 | D:8      | Reached *** piety under Okawaru
  8096 | D:8      | Reached skill level 5 in Invocations
  8109 | D:8      | Found a staircase to the Lair.
  8240 | D:8      | Found an ancient bone altar of Kikubaaqudgha.
  8247 | D:8      | Identified the +0 robe "Saemp" {+Inv Dex+5 Stlth-}
  8273 | D:8      | Found a shimmering blue altar of Sif Muna.
  8333 | D:8      | Noticed a two-headed ogre
  8453 | D:8      | Noticed Maurice
  8474 | D:8      | Killed Maurice
  8590 | D:9      | Reached **** piety under Okawaru
  8795 | D:9      | Found a staircase to the Orcish Mines.
  8875 | D:9      | Reached XP level 11. HP: 92/92 MP: 16/16
  9536 | D:9      | Reached ***** piety under Okawaru
  9906 | D:8      | Killed a two-headed ogre
 10140 | D:10     | Entered Level 10 of the Dungeon
 10396 | D:10     | Reached skill level 10 in Armour
 10418 | D:10     | Received a gift from Okawaru
 10418 | D:10     | Found the +5 sword of Power {vorpal}
 10682 | D:10     | Found a basalt altar of Yredelemnul.
 10682 | D:10     | Found a sparkling altar of Nemelex Xobeh.
 10683 | D:10     | Found a stormy altar of Qazlal.
 10743 | D:10     | Identified the +1 kite shield "Ypuesk" {rElec Will++ Int-3}
 10788 | D:11     | Noticed Nergalle
 10800 | D:11     | Killed Nergalle
 10801 | D:11     | Reached skill level 10 in Invocations
 10858 | D:11     | Noticed a cyclops
 10901 | D:11     | Noticed a four-headed hydra
 10907 | D:11     | Killed a six-headed hydra
 11007 | D:11     | Killed a cyclops
 11008 | D:11     | Reached skill level 10 in Shields
 11008 | D:11     | Reached XP level 12. HP: 82/98 MP: 16/20
 11508 | D:11     | Identified the +10 battleaxe of the Six Hosts {holy, Int+6}
                  | (Okawaru gifted it to you on level 11 of the Dungeon)
 11508 | D:11     | Received a gift from Okawaru
 11526 | D:11     | Noticed a boulder beetle
 11553 | D:11     | Killed a boulder beetle
 11684 | Lair:1   | Entered Level 1 of the Lair of Beasts
 11685 | Lair:1   | Noticed Grum
 11699 | Lair:1   | Killed Grum
 11764 | Lair:1   | Reached skill level 5 in Axes
 11910 | Lair:1   | Noticed a boulder beetle
 11932 | Lair:1   | Killed a boulder beetle
 12116 | Lair:1   | Reached skill level 11 in Fighting
 12122 | Lair:1   | Received a gift from Okawaru
 12872 | Lair:2   | Found a frozen archway.
 12891 | Lair:2   | Found a hole to the Spider Nest.
 12951 | IceCv    | Entered an ice cave
 13232 | IceCv    | Reached skill level 12 in Fighting
 13243 | IceCv    | Reached XP level 13. HP: 108/108 MP: 21/21
 13404 | IceCv    | Reached ****** piety under Okawaru
 13457 | IceCv    | Identified the ring "Lit Piho" {rPois rN+ Str+4 Dex+4}
 13518 | IceCv    | Found an ancient bone altar of Kikubaaqudgha.
 13525 | IceCv    | Received a gift from Okawaru
 13543 | IceCv    | Reached skill level 13 in Fighting
 14059 | Lair:2   | Reached skill level 10 in Axes
 14205 | Lair:2   | Identified the +2 shortbow of the Vendetta {vorpal, Int-5
                  | SInv Stlth+}
 14265 | Lair:2   | Noticed Erica
 14313 | Lair:2   | Killed Erica
 14314 | Lair:2   | Reached skill level 1 in Throwing
 14344 | Lair:2   | Reached skill level 14 in Fighting
 14583 | Lair:2   | Found a blossoming altar of Fedhas.
 14778 | Lair:3   | Found a staircase to the Swamp.
 14975 | Lair:3   | Identified the +4 long sword of the Wheel {flame, Drain
                  | rCorr Str+4} (Okawaru gifted it to you on level 3 of the
                  | Lair of Beasts)
 14975 | Lair:3   | Received a gift from Okawaru
 15095 | Lair:3   | Reached XP level 14. HP: 121/121 MP: 22/22
 15830 | Lair:4   | Reached skill level 5 in Throwing
 15870 | Lair:4   | Reached skill level 15 in Fighting
 15874 | Lair:4   | Received a gift from Okawaru
 16438 | Lair:4   | Found a viscous altar of Jiyva.
 16440 | Lair:4   | Found a staircase to the Slime Pits.
 16555 | Lair:4   | Received a gift from Okawaru
 17117 | Lair:5   | Entered Level 5 of the Lair of Beasts
 17232 | Lair:5   | Identified the +1 ring mail of Vlad {Drain rC+++ rN+ Will-}
                  | (Okawaru gifted it to you on level 5 of the Lair of Beasts)
 17232 | Lair:5   | Received a gift from Okawaru
 17240 | Lair:5   | Reached XP level 15. HP: 99/130 MP: 23/23
 17618 | Lair:5   | Noticed Snorg
 17633 | Lair:5   | Killed Snorg
 17634 | Lair:5   | Reached skill level 16 in Fighting
 18308 | Lair:5   | Found a runed translucent door.
 18888 | Lair:5   | Received a gift from Okawaru
 19763 | D:12     | Received a gift from Okawaru
 19764 | D:12     | Reached skill level 10 in Long Blades
 20262 | D:12     | Reached skill level 17 in Fighting
 20319 | D:12     | Found the +8 storm bow {elec, penet}
 20319 | D:12     | Found the +7 great mace "Undeadhunter" {disrupt, rN+}
 20342 | D:12     | Reached XP level 16. HP: 109/141 MP: 24/24
 20429 | D:12     | Identified the +8 flail "Xedemon" {vorpal, rN+ Int+6 Dex+2}
 20641 | D:12     | Identified the +5 short sword "Bazo" {holy, Int+2}
 20841 | D:13     | Received a gift from Okawaru
 20841 | D:13     | Found the +5 robe of Misfortune {Harm *Corrode *Slow EV+5}
 20848 | D:13     | Reached skill level 1 in Evocations
 20988 | D:13     | Reached skill level 10 in Throwing
 21995 | D:14     | Found a gate to the Vaults.
 22210 | D:14     | Noticed a storm dragon
 22304 | D:14     | Reached skill level 5 in Evocations
 22311 | D:14     | Killed a storm dragon
 23074 | D:15     | Entered Level 15 of the Dungeon
 23154 | D:15     | Found Jined's Weapon Boutique.
 23495 | D:15     | Identified the +0 ring mail of Calculation {MP+9} (Okawaru
                  | gifted it to you on level 15 of the Dungeon)
 23495 | D:15     | Received a gift from Okawaru
 24005 | D:15     | Found a staircase to the Depths.
 24005 | D:15     | Noticed a frost giant
 24015 | D:15     | Killed a frost giant
 24428 | Spider:1 | Entered Level 1 of the Spider Nest
 24428 | Spider:1 | Noticed Kirke
 24591 | Orc:1    | Entered Level 1 of the Orcish Mines
 24699 | Orc:1    | Found Tineqeny's Book Boutique.
 24707 | Orc:1    | Bought a book of Spatial Translocations for 364 gold pieces
 24943 | Orc:1    | Found a runed translucent gate.
 24943 | Orc:1    | Found a runed translucent gate.
 24943 | Orc:1    | Found a runed translucent gate.
 24946 | Orc:1    | Noticed BuzzyBeetle's ghost (journeyman GrFi)
 25146 | Orc:1    | Killed BuzzyBeetle's ghost
 25164 | Orc:1    | Identified the +7 sling "Grim Tooth" {vorpal, rC+ Int+3}
 25184 | Orc:2    | Entered Level 2 of the Orcish Mines
 25193 | Orc:1    | Learned a level 5 spell: Manifold Assault
 25276 | Orc:2    | Reached XP level 17. HP: 143/147 MP: 25/25
 25442 | Orc:2    | Noticed Josephine
 25446 | Orc:2    | Reached skill level 1 in Translocations
 25451 | Orc:2    | Killed Josephine
 25491 | Orc:2    | Found a burning altar of Makhleb.
 25506 | Orc:2    | Noticed Sonja
 25522 | Orc:2    | Killed Sonja
 25532 | Orc:2    | Noticed Rupert
 25553 | Orc:2    | Killed Rupert
 25644 | Orc:2    | Found Xutimory's General Store.
 25710 | Orc:2    | Found Woydik's Distillery.
 26150 | Orc:2    | Received a gift from Okawaru
 26359 | Orc:2    | Received a gift from Okawaru
 26481 | Orc:2    | Found Uxoghedu's Jewellery Shop.
 26481 | Orc:2    | Found Saoseph's Antique Armour Boutique.
 26482 | Orc:2    | Found a one-way gate leading to the halls of Pandemonium.
 26488 | Orc:2    | Bought a pair of encrusted boots for 285 gold pieces
 26488 | Orc:2    | Identified the +1 pair of boots "Uddiggar" {rC++ Stlth-}
                  | (You bought it in a shop on level 2 of the Orcish Mines)
 26594 | Orc:2    | Found a staircase to the Elven Halls.
 27003 | Lair:2   | HP: 5/147 [entropy weaver (4)]
 27011 | Lair:2   | You fall into a shaft and drop 2 floors!
 27181 | Lair:2   | HP: 5/147 [spark wasp (5)]
 27188 | Lair:2   | HP: 4/147 [manticore/volley of spikes[Kirke] (11)]
 27189 | Lair:2   | Mangled by a spark wasp

Illustrated notes

Levels and vault maps discovered:
D:1:      lightli_arrival_statuegarden, layout_basic, nicolae_hexahallways
D:2:      layout_basic, serial_glass, glass_columns_a, glass_columns_b,
          solitary_fountain
D:3:      layout_loops_cross, nicolae_overflow_hidden_temple, serial_undead,
          serial_undead_e, serial_undead_d, serial_undead_e, serial_undead_c,
          serial_undead_c, serial_undead_f, uniq_crazy_yiuf_cottage
D:4:      layout_rooms, serial_shops, shop, columned_hall_lemuel
D:5:      layout_rooms, lightli_minifort, uniq_ijyb, uniq_menkaure, uniq_edmund
D:6:      layout_loops_ring, fedhas_bush_and_centaur_altar,
          minmay_temple_entry_steel_oval
D:7:      layout_gridville, mainiacjoe_overflow_brackets, marbit_many_paths,
          uniq_pikel
D:8:      layout_rooms, lemuel_crystal_altar, led_sif_book,
          grunt_lair_entry_orc_guard_hut, uniq_maurice
D:9:      layout_basic, zombieorc1_lemuel
D:10:     layout_rooms, chequers_temple_overflow_statue_of_worship
D:11:     layout_roguey, serial_curves, eino_curves_02, eino_curves_01,
          kennysheep_generic_room_5, uniq_nergalle
D:12:     minmay_concentric_multi, layout_gridville, grunt_decor_clamped
D:13:     layout_basic
D:14:     layout_gridville, david_vaults_1, minmay_staircase_bubble,
          kennysheep_island_fort
D:15:     grunt_enter_depths_snipers, layout_loops_ring, serial_park_tiny_2,
          serial_shops, shop_fountains
Temple:   hellmonk_temple_forest_ring
Lair:1:   layout_gridlike, nicolae_lair_lil_pond, nzn_sisyphean_effort,
          uniq_grum
Lair:2:   layout_regular_city, nicolae_spider_entry_non_spiders,
          portal_ice_cave_entry_pillars_2, hangedman_tree_tricks,
          eino_house_with_fridge, uniq_erica
Lair:3:   layout_misc_corridors, swamp_mist_pool
Lair:4:   layout_cave_pods, slime_entry_1, st_stairs_8, kilobyte_rumbling_trees,
          infiniplex_staircase_pool
Lair:5:   guppyfry_lair_end_dragon, layout_cave_pods, wormcave,
          chequers_serial_rivers_room_a, minivault_26, grunt_megastairs_2,
          uniq_snorg
Spider:1: layout_spider_delve, gammafunk_ghost_split, uniq_kirke
Orc:1:    layout_caves, ebering_ghost_rock_garden, serial_shops, shop_statue
Orc:2:    pf_orc_diabolical, layout_diamond_mine, bloody_makhleb, uniq_sonja,
          uniq_rupert, uniq_josephine

Skill      XL: |  1  2  3  4  5  6  7  8  9 10 11 12 13 14 15 16 17 |
---------------+----------------------------------------------------+-----
Fighting       | 4 5 6 7 8 10 12 14 15 17 | 17.1
Axes           | 3 4 7 10 | 10.0
Armour         | 4 5 8 10 11 12 | 12.4
Shields        | 7 8 10 11 | 11.1
Long Blades    | 3 5 8 10 | 10.5
Invocations    | 7 10 11 | 11.4
Throwing       | 3 7 9 11 | 11.5
Evocations     | 8 |  8.0
Translocations | 4 |  4.6

Action                   |  1- 3 |  4- 6 |  7- 9 | 10-12 | 13-15 | 16-18 || total
-------------------------+-------+-------+-------+-------+-------+-------++-------
Melee: War axe           |    84 |    23 |       |       |       |       ||   107
       Mace              |       |    72 |       |       |       |       ||    72
       Broad axe         |       |    20 |   208 |       |       |       ||   228
       Great sword       |       |       |    50 |   468 |       |       ||   518
       Battleaxe         |       |       |       |   110 |   707 |   595 ||  1412
       Scimitar          |       |       |       |       |    34 |    26 ||    60
       Long sword        |       |       |       |       |    17 |       ||    17
       Great mace        |       |       |       |       |       |    10 ||    10
Throw: Boomerang         |       |       |     5 |    42 |       |     9 ||    56
       Throwing net      |       |       |     3 |     1 |       |       ||     4
       Dart              |       |       |       |     7 |     3 |     5 ||    15
Invok: Heroism           |       |       |     4 |     8 |     6 |     5 ||    23
 Abil: Dig               |     9 |       |       |       |       |       ||     9
       Shaft Self        |       |       |       |       |       |     1 ||     1
Evoke: Wand              |       |     2 |       |     2 |       |       ||     4
  Use: Potion            |       |     1 |       |     5 |       |     9 ||    15
       Scroll            |       |       |     5 |     8 |     7 |     4 ||    24
 Stab: Sleeping          |       |     2 |     3 |     3 |       |       ||     8
       Held in net/web   |       |       |     1 |       |       |       ||     1
       Distracted        |       |       |       |       |       |     1 ||     1
Armor: Scale mail        |    24 |       |       |       |       |       ||    24
       Troll leather arm |    15 |    29 |       |       |       |       ||    44
       Ring mail         |       |    12 |   172 |   318 |       |       ||   502
       Ice dragon scales |       |       |       |       |    44 |       ||    44
       Chain mail        |       |       |       |       |   318 |   440 ||   758
Dodge: Dodged            |    38 |    53 |   145 |   261 |   229 |   226 ||   952
Block: Buckler           |    19 |    25 |    32 |       |       |       ||    76
       Kite shield       |       |       |   109 |   469 |   537 |   561 ||  1676
